 Dungeon Crawl Stone Soup version 0.29-a0-892-g2c4c91d9db (webtiles) character file.

Game seed: 14914104481313794451

12182 MirrMurr the Spear-Bearer (level 11, -23/130 HPs)
             Began as a Demonspawn Gladiator on July 22, 2022.
             Was an Elder of Trog.
             Annihilated by Gastronok (27 damage)
             ... on level 11 of the Dungeon.
             The game lasted 00:21:54 (13649 turns).

MirrMurr the Spear-Bearer (Demonspawn Gladiator)   Turns: 13649, Time: 00:21:54

Health: -23/130    AC: 18    Str: 18    XL:     11   Next: 59%
Magic:  11/11      EV: 12    Int: 10    God:    Trog [****..]
Gold:   703        SH: 17    Dex: 21    Spells: 10/10 levels left

rFire   . . .      SeeInvis +   a - +6 trident (freeze)
rCold   . . .      Faith    .   c - +0 kite shield
rNeg    . . .      Spirit   .   t - +0 scale mail
rPois   +          Reflect  +   K - +0 helmet {SInv}
rElec   .          Harm     .   o - +0 cloak
rCorr   .          Rampage  .   n - +2 pair of gloves
Will    .....                   (no boots)
Stlth   ..........              f - amulet of reflection
HPRegen 0.31/turn               p - +6 ring of dexterity
MPRegen 0.12/turn               P - ring of poison resistance

@: berserking, slowed
A: icy blue scales 1, foul stench 1, icemail 1, condensation shield, demonic
touch 2
a: Renounce Religion, Berserk, Trog's Hand, Brothers in Arms


You were on level 11 of the Dungeon.
You worshipped Trog.
Trog was greatly pleased with you.
You visited 2 branches of the dungeon, and saw 12 of its levels.
You also visited: Sewer.

You collected 703 gold pieces.

Inventory:

Hand Weapons
 a - a +6 trident of freezing (weapon)
 b - a +0 sling
Missiles
 d - 4 throwing nets
 e - a javelin
 g - 104 stones (quivered)
 q - 6 curare-tipped darts
 x - 34 poisoned darts
 E - 5 datura-tipped darts
Armour
 c - a +0 kite shield (worn)
 n - a +2 pair of gloves (worn)
 o - a +0 cloak (worn)
 t - a +0 scale mail (worn)
 F - a +0 crystal plate armour
 K - a +0 helmet of see invisible (worn)
Jewellery
 f - an amulet of reflection (around neck)
 p - a +6 ring of dexterity (left hand)
 H - a ring of flight
 P - a ring of poison resistance (right hand)
Wands
 G - a wand of iceblast (7)
 L - a wand of flame (6)
 Q - a wand of digging (1)
 R - a wand of polymorph (4)
Scrolls
 j - a scroll of blinking
 s - 2 scrolls of vulnerability
 w - 2 scrolls of fog
 y - 5 scrolls of teleportation
 J - 2 scrolls of identify
 M - a scroll of poison
 N - a scroll of summoning {unknown}
Potions
 h - 2 potions of might
 i - 4 potions of curing
 k - 3 potions of resistance
 l - a potion of berserk rage
 m - 3 potions of attraction
 r - 3 potions of flight
 u - a potion of lignification {unknown}
 v - a potion of invisibility {unknown}
 z - a potion of magic {unknown}
 A - a potion of mutation {unknown}
 B - 3 potions of haste
 C - a potion of brilliance {unknown}
 D - a potion of experience {unknown}
 I - a potion of heal wounds {unknown}
 O - a potion of cancellation {unknown}


   Skills:
 + Level 8.9 Fighting
 * Level 11.5 Polearms
 - Level 7.0 Throwing
 + Level 4.4 Armour
 - Level 7.0 Dodging


You had 10 spell levels left.
You didn't know any spells.
Your spell library was empty.

Dungeon Overview and Level Annotations

Branches:
Dungeon (11/15)            Temple (1/1) D:4            Lair (0/5) D:8
    Orc (0/2) D:9           Sewer (visited)

Altars:
Ashenzari
Cheibriados
Dithmenos
Fedhas
Gozag
Hepliaklqana
Kikubaaqudgha
Makhleb
Nemelex Xobeh
Okawaru
Qazlal
Ru
Sif Muna
Trog
Uskayaw
Vehumet
Wu Jian
Xom
Yredelemnul

Annotations:
D:3 2 transporters
D:10 2 runed translucent doors, 27snakeeyes612's ghost, journeyman TrBe
D:11 Gastronok


Innate Abilities, Weirdness & Mutations

You are partially covered in icy blue scales. (AC +2)
You may rarely emit foul miasma when damaged in melee.
A meltable icy envelope protects you from harm. (AC +4)
A meltable shield of frost defends you. (SH +4)
Your touch may inflict irresistible damage on your foes.


Message History

Gastronok is heavily wounded.
You block the bat's attack. You block Gastronok's attack.
The rat bites you but does no damage.
You puncture Gastronok! You freeze Gastronok.
Gastronok is severely wounded.
You block the bat's attack. The rat bites you but does no damage.
You feel briefly sluggish.
Unknown command.
You hit Gastronok. You freeze Gastronok.
Gastronok is severely wounded.
You block the bat's attack. The bat closely misses you.
The rat barely misses you. x2
Unknown command.
You hit Gastronok. You freeze Gastronok.
Gastronok is severely wounded.
You block the bat's attack. x2; The bat misses you.
You block the rat's attack. Gastronok bites you!!
* * * LOW HITPOINT WARNING * * *
Unknown command.
You hit Gastronok. You freeze Gastronok.
Gastronok is severely wounded.
You block the bat's attack. The rat closely misses you.
Gastronok gurgles, "I'll eat you, I will!"
You block Gastronok's attack. The rat closely misses you.
Unknown command.
You hit Gastronok but do no damage.
Gastronok is severely wounded.
You block the bat's attack. The rat bites you.
* * * LOW HITPOINT WARNING * * *
Unknown command.
A red film seems to cover your vision as you go berserk!
You feel yourself moving faster!
You feel mighty! The bat hits you but does no damage.
You block the rat's attack.
Gastronok waves his eye-stalks in wide circles.
The air twists around and strikes you!!
* * * LOW HITPOINT WARNING * * *
You hit Gastronok. You freeze Gastronok.
Gastronok is almost dead.
You block the bat's attack. You block the rat's attack. Gastronok bites you!!
You die...

#.##.'.........#[##.#
#.##.#.....##..#.##.#
#....#.....##..#.##.#
#....#.....#####.....
#....#.....# #####.
#....#.....# #.
#...b####### #.
#........... #.
#...@.####.. #.
#...wr# #. #.##..# #.
#. #..# #. #. .... #.
..... #+ #..## ....


You could see Gastronok (swift), a bat (summoned) and a rat (summoned).

Vanquished Creatures
  Snorg (D:10)
  Erolcha (D:10)
  A two-headed ogre (D:10)
  Erica (D:9)
  Lodul (D:10)
  Pikel (D:4)
  A gargoyle (D:11)
  2 trolls
  2 hornets
  Grinder (D:3)
  8 wyverns
  A wraith (D:11)
  10 yaks
  5 water moccasins
  3 orc warriors
  A black bear (D:8)
  An ice beast (D:5)
  2 sky beasts (D:8)
  10 ogres
  2 wolves (D:8)
  5 kobold brigands
  2 centaurs
  A lemure (D:5)
  A phantom (D:3)
  2 necrophages
  2 bullfrogs
  7 gnoll sergeants
  2 scorpions
  3 wights (D:9)
  4 killer bees (D:8)
  2 howler monkeys (D:5)
  3 jellies
  3 orc priests
  Crazy Yiuf (D:6)
  A hound (D:7)
  An iguana (D:5)
  4 orc wizards
  15 gnolls
  11 adders
  2 white imps
  3 ufetubi
  2 dart slugs
  21 orcs
  10 ball pythons
  26 endoplasms
  18 giant cockroaches
  17 goblins
  14 hobgoblins
  4 jackals (D:2)
  22 kobolds
  9 quokkas
  6 bats
  6 frilled lizards
  7 rats
292 creatures vanquished.

Vanquished Creatures (others)
  A fungus (D:8)
  16 plants
17 creatures vanquished.

Grand Total: 309 creatures vanquished

Notes
Turn   | Place    | Note
-------+----------+-------------------------------------------
     0 | D:1      | MirrMurr the Demonspawn Gladiator began the quest for the
                  | Orb.
     0 | D:1      | Reached XP level 1. HP: 16/16 MP: 1/1
   382 | D:1      | Gained mutation: A meltable shield of frost defends you.
                  | (SH +4) [demonic ancestry]
   382 | D:1      | Reached XP level 2. HP: 22/22 MP: 2/2
   486 | D:1      | Reached skill level 3 in Polearms
  1031 | D:1      | Reached XP level 3. HP: 28/28 MP: 3/3
  1150 | D:2      | Found a faded altar of an unknown god.
  2066 | D:2      | Gained mutation: Your touch may inflict minor irresistible
                  | damage on your foes. [demonic ancestry]
  2066 | D:2      | Reached XP level 4. HP: 34/34 MP: 4/4
  2442 | D:3      | Found a transporter.
  2577 | D:3      | Noticed a phantom
  2624 | D:3      | Killed a phantom
  2625 | D:3      | Reached skill level 4 in Polearms
  2625 | D:3      | Reached XP level 5. HP: 37/41 MP: 5/5
  2665 | D:3      | Found a transporter.
  2770 | D:3      | Found a hide-covered altar of Uskayaw.
  2876 | D:3      | Noticed Grinder
  2908 | D:3      | Paralysed by Grinder for 3 turns
  2921 | D:3      | Killed Grinder
  2922 | D:3      | Reached XP level 6. HP: 27/47 MP: 6/6
  3805 | D:4      | Reached skill level 5 in Polearms
  3858 | D:4      | Found a staircase to the Ecumenical Temple.
  3864 | Temple   | Entered the Ecumenical Temple
  4066 | Temple   | Became a worshipper of Trog the Wrathful
  4123 | D:4      | Gained mutation: A meltable icy envelope protects you from
                  | harm. (AC +4) [demonic ancestry]
  4123 | D:4      | Reached XP level 7. HP: 26/53 MP: 7/7
  4750 | D:5      | Entered Level 5 of the Dungeon
  4751 | D:5      | Noticed Pikel
  4787 | D:4      | Killed Pikel
  4788 | D:4      | Reached skill level 6 in Polearms
  4788 | D:4      | Gained mutation: You may rarely emit foul miasma when
                  | damaged in melee. [demonic ancestry]
  4788 | D:4      | Reached XP level 8. HP: 53/61 MP: 8/8
  5710 | D:6      | Reached skill level 5 in Fighting
  5710 | D:6      | Reached skill level 5 in Dodging
  5716 | D:6      | Reached * piety under Trog
  5939 | D:6      | Found a glowing drain.
  5963 | Sewer    | Entered a sewer
  6154 | Sewer    | Reached skill level 7 in Polearms
  6216 | Sewer    | Reached ** piety under Trog
  6413 | Sewer    | Identified the +6 dagger of Gravity {vorpal, rC+}
  6468 | D:6      | Identified the +2 whip "Posycs" {freeze, rCorr Int+9 Dex-3}
  6526 | D:6      | Found an ornate altar of the Wu Jian Council.
  6640 | D:6      | Found a runed translucent door.
  6641 | D:6      | Noticed Crazy Yiuf
  6646 | D:6      | Killed Crazy Yiuf
  6828 | D:6      | Reached skill level 5 in Throwing
  6987 | D:6      | Found a snail-covered altar of Cheibriados.
  7045 | D:7      | Gained mutation: You are partially covered in icy blue
                  | scales. (AC +2) [demonic ancestry]
  7045 | D:7      | Reached XP level 9. HP: 68/68 MP: 9/9
  7569 | D:7      | Found a shadowy altar of Dithmenos.
  7569 | D:7      | Found an iron altar of Okawaru.
  7577 | D:7      | Found a hazy altar of Hepliaklqana.
  7579 | D:7      | Found a faded altar of an unknown god.
  7581 | D:7      | Found a sacrificial altar of Ru.
  7875 | D:8      | Reached skill level 8 in Polearms
  8220 | D:8      | Found a staircase to the Lair.
  8453 | D:8      | Reached XP level 10. HP: 77/77 MP: 10/10
  8514 | D:8      | Reached *** piety under Trog
  8639 | D:8      | Reached skill level 9 in Polearms
  9507 | D:9      | Paralysed by a hornet for 1 turns
  9937 | D:9      | Reached skill level 1 in Armour
 10063 | D:9      | Noticed Erica
 10122 | D:9      | Killed Erica
 10197 | D:9      | Found a staircase to the Orcish Mines.
 10206 | D:9      | Reached skill level 10 in Polearms
 11572 | D:9      | Gained mutation: Your touch may inflict irresistible damage
                  | on your foes. [demonic ancestry]
 11572 | D:9      | Reached XP level 11. HP: 78/86 MP: 11/11
 11700 | D:10     | Entered Level 10 of the Dungeon
 11711 | D:10     | Found a broken altar of Ashenzari.
 11845 | D:10     | Found a large runed translucent door.
 11845 | D:10     | Found a large runed translucent door.
 11850 | D:10     | Noticed 27snakeeyes612's ghost (journeyman TrBe)
 11989 | D:10     | Paralysed by a hornet for 1 turns
 12097 | D:10     | Noticed Snorg
 12109 | D:10     | Killed Snorg
 12285 | D:10     | Noticed Erolcha
 12293 | D:10     | Killed Erolcha
 12379 | D:10     | Noticed a two-headed ogre
 12407 | D:10     | Killed a two-headed ogre
 12408 | D:10     | Reached skill level 11 in Polearms
 12555 | D:10     | Noticed Lodul
 12574 | D:10     | Killed Lodul
 12577 | D:10     | Reached **** piety under Trog
 13624 | D:11     | Noticed Gastronok
 13648 | D:11     | HP: 4/130 [Gastronok/the air (24)]
 13649 | D:11     | Annihilated by Gastronok

Illustrated notes

Levels and vault maps discovered:
D:1:      dpeg_arrival_fog, layout_basic
D:2:      cheibrodos_greedy_goblins, layout_basic, basic_ecumenical_altar
D:3:      gammafunk_steamed_eel, layout_basic, eat_drink_and_be_merry_uskayaw,
          uniq_grinder
D:4:      layout_basic, minmay_temple_entry_gardened_gates,
          nicolae_ossuary_entry_plus
D:5:      layout_loops_cross, mainiacjoe_overflow_concentric_impassable,
          uniq_pikel
D:6:      layout_rooms, nicolae_wu_jian_immortal_techniques,
          gammafunk_temple_overflow_pools, portal_sewer_entry_a,
          grunt_ministairs_6, uniq_crazy_yiuf_cottage
D:7:      layout_loops_ring, chequers_temple_overflow_minitemple,
          minmay_large_rounded_square, uniq_joseph
D:8:      layout_basic, minmay_lair_entry_grove
D:9:      layout_rooms, kennysheep_orc_monster_closet_entryway,
          minmay_misc_feat_more_columns, hangedman_abyss_or_decor_clamps,
          minmay_misc_feat_pillars, uniq_erica
D:10:     layout_loops_ring, evilmike_ruin_ashenzari,
          ebering_ghost_disaster_area, uniq_snorg, uniq_erolcha, uniq_lodul
D:11:     layout_stronghold, uniq_gastronok
Temple:   minmay_temple_bridge_abc

Skill      XL: |  1  2  3  4  5  6  7  8  9 10 11 |
---------------+----------------------------------+-----
Polearms       | 3 4 5 6 7 8 10 11 | 11.5
Throwing       | 2 3 4 5 6 7 |  7.0
Dodging        | 3 4 5 6 7 |  7.0
Fighting       | 3 4 5 6 7 8 |  8.9
Armour         | 2 4 |  4.4

Action                   |  1- 3 |  4- 6 |  7- 9 | 10-12 || total
-------------------------+-------+-------+-------+-------++-------
Melee: Trident           |   155 |   110 |   366 |   419 ||  1050
       Touch             |       |    14 |    50 |    30 ||    94
       Punch             |       |       |     4 |     4 ||     8
 Fire: Sling             |       |     6 |       |       ||     6
Throw: Stone             |       |     1 |       |       ||     1
       Dart              |       |       |       |     2 ||     2
Invok: Berserk           |       |       |     2 |     2 ||     4
  Use: Scroll            |       |     8 |     8 |     3 ||    19
 Stab: Distracted        |     1 |       |       |       ||     1
Armor: Leather armour    |    30 |     7 |       |       ||    37
       Scale mail        |       |    22 |    94 |    90 ||   206
Dodge: Dodged            |    43 |    30 |   125 |   187 ||   385
Block: Other             |    47 |    51 |   123 |    92 ||   313
       Reflection        |       |     5 |       |    15 ||    20
       Kite shield       |       |       |       |   104 ||   104

Table legend: (Time is in decaauts)
 A = Elapsed time spent in this place.
 B = Non-inter-level travel time spent in this place.
 C = Inter-level travel time spent in this place.
 D = Time resting spent in this place.
 E = Time spent auto-exploring this place.
 F = Levels seen in this place.
 G = Mean time per level.
                   A        B        C        D        E       F      G
               +--------+--------+--------+--------+--------+-----+--------+
         Total |  13734 |  13081 |    653 |    463 |  10243 |  13 | 1056.5 |
       Dungeon |  12966 |  12334 |    632 |    463 |   9783 |  11 | 1178.7 |
        Temple |    223 |    202 |     21 |      0 |    167 |   1 |  223.0 |
         Sewer |    544 |    544 |      0 |      0 |    292 |   1 |  544.0 |
               +--------+--------+--------+--------+--------+-----+--------+

Top non-repeatable levels by time:
     D:8: 2388 daAuts
     D:3: 1284 daAuts
     D:2: 1272 daAuts
    D:10: 1259 daAuts
     D:1: 1200 daAuts
     D:9: 1187 daAuts
     D:7: 980 daAuts
     D:6: 972 daAuts
     D:4: 880 daAuts
     D:5: 869 daAuts
    D:11: 671 daAuts
   Sewer: 544 daAuts
  Temple: 223 daAuts
